AoeStats
← alex_08

MegaRandom

508274475Analyzed
4v4 RM · 11d ago on Sep 21, 2026· 59m 25s· 8 players
Game mode
Random Map
Map size
Large (8 player)
Population
200
Speed
Normal
Resources
Standard
Victory
Conquest
Starting age
Dark Age
Ending age
Imperial Age
RankedLock teamsTeams togetherTeam positionsShared explorationLock speedFull tech treeHidden civsTurbo modeCheats
Victory
Defeat
🇫🇮 Persians · Finland
1058
+14
🇲🇽 Dravidians · Mexico
1043
+15
🇫🇮 Magyars · Finland
1009
+16
🇪🇸 Spanish · Spain
994
+17
🇩🇪 Britons · Germany
1185
-22
🇩🇪 Vietnamese · Germany
1069
-18
🇩🇪 Portuguese · Germany
965
-13
🇩🇪 Lithuanians · Germany
846
-9
FL2sh_Humor
13:17 Feudal Age
18:26 Castle Age
16:49 Horse Collar
17:29 Double-Bit Axe
20:44 Bloodlines
21:17 Scale Barding Armor
22:25 Heavy Plow
27:56 Loom
31:07 Wheelbarrow
30:35 Stone Mining
30:36 Gold Mining
32:43 Hand Cart
37:02 Imperial Age
35:33 Husbandry
40:07 Crop Rotation
39:58 Bow Saw
39:21 Light Cavalry
40:47 Chain Barding Armor
40:37 Forging
40:53 Conscription
42:51 Padded Archer Armor
42:42 Fletching
44:01 Chemistry
43:22 Ballistics
43:15 Elite Skirmisher
43:22 Elite Skirmisher
44:10 Thumb Ring
44:14 Bodkin Arrow
44:35 Leather Archer Armor
44:24 Murder Holes
44:40 Masonry
47:03 Crossbowman
48:19 Ring Archer Armor
52:24 Kamandaran
53:14 Architecture
58:59 Two-Man Saw
Dukka
12:25 Feudal Age
16:56 Castle Age
15:49 Double-Bit Axe
18:06 Stone Mining
19:16 Wheelbarrow
21:18 Bow Saw
22:52 Corvinian Army
29:04 Scale Barding Armor
30:42 Gold Mining
32:08 Hand Cart
31:39 Horse Collar
32:24 Chain Barding Armor
32:30 Heavy Plow
36:09 Imperial Age
36:10 Elite Magyar Huszar
37:13 Conscription
49:28 Bloodlines
49:19 Husbandry
56:09 Plate Barding Armor
Quimimoshly06
12:17 Feudal Age
10:34 Loom
13:30 Double-Bit Axe
14:31 Town Watch
17:01 Castle Age
18:03 Bow Saw
18:37 Squires
20:00 Pikeman
21:50 Fishing Lines
27:04 Wheelbarrow
28:17 Gold Mining
28:19 Stone Mining
28:56 Fletching
29:07 Padded Archer Armor
29:10 Horse Collar
29:27 Gillnets
34:11 Imperial Age
32:00 Hand Cart
32:30 Bodkin Arrow
32:50 Leather Archer Armor
32:50 Town Patrol
33:02 Thumb Ring
34:14 Ballistics
35:16 Conscription
34:57 Elite Elephant Archer
36:41 Chemistry
37:00 Two-Man Saw
35:53 Elite Skirmisher
37:15 Bracer
37:33 Medical Corps
40:13 Ring Archer Armor
49:33 Wootz Steel
49:26 Forging
49:17 Scale Mail Armor
49:22 Scale Barding Armor
50:52 Iron Casting
55:00 Onager
Guty
0:30 Loom
10:58 Feudal Age
12:30 Wheelbarrow
11:43 Double-Bit Axe
11:56 Gold Mining
18:02 Castle Age
19:33 Pikeman
21:37 Fishing Lines
26:14 Gillnets
27:13 Medium Warships
28:05 Fletching
29:37 Stone Mining
30:17 Horse Collar
31:33 Bow Saw
37:05 Imperial Age
34:53 Hand Cart
34:52 Scale Barding Armor
35:30 Heavy Plow
36:05 Squires
35:51 Arson
36:59 Forging
37:43 Chain Barding Armor
37:18 Cavalier
37:59 Husbandry
38:10 Bloodlines
38:39 Conscription
39:13 Iron Casting
40:29 Chemistry
39:28 Town Watch
41:11 Ballistics
40:16 Paladin
43:18 Plate Barding Armor
43:44 Blast Furnace
44:25 Two-Man Saw
43:40 Bodkin Arrow
44:54 Caravan
45:03 Elite Cannon Galleon
47:48 Town Patrol
47:51 Bracer
47:52 Scale Mail Armor
47:53 Padded Archer Armor
58:52 Halberdier
alex_08
11:35 Feudal Age
13:01 Double-Bit Axe
16:52 Castle Age
15:31 Gold Mining
16:27 Loom
16:31 Horse Collar
18:07 Bow Saw
18:39 Heavy Plow
22:23 Stone Mining
24:32 Wheelbarrow
25:53 Stone Shaft Mining
25:11 Pikeman
25:56 Scale Mail Armor
32:32 Imperial Age
30:00 Fletching
30:46 Scale Barding Armor
32:22 Hand Cart
32:33 Chain Barding Armor
32:40 Forging
33:48 Crop Rotation
34:22 Two-Man Saw
33:53 Halberdier
36:04 Plate Barding Armor
36:06 Iron Casting
36:28 Chain Mail Armor
36:39 Bodkin Arrow
37:10 Tower Shields
38:06 Squires
39:26 Bracer
40:17 Elite Leitis
49:34 Ballistics
49:33 Treadmill Crane
50:11 Thumb Ring
49:27 Elite Skirmisher
49:28 Crossbowman
51:14 Bloodlines
51:05 Husbandry
51:14 Imperial Skirmisher
58:13 Hoardings
papershaper
11:56 Feudal Age
13:39 Double-Bit Axe
16:41 Castle Age
18:14 Town Watch
21:36 Gold Mining
24:24 Wheelbarrow
25:07 Bloodlines
28:28 Town Patrol
28:41 Stone Mining
33:56 Imperial Age
33:07 Stone Shaft Mining
32:35 Fletching
34:23 Murder Holes
36:09 Chemistry
39:25 Hand Cart
40:39 Elite Skirmisher
41:28 Thumb Ring
40:44 Crossbowman
41:33 Loom
41:23 Imperial Skirmisher
42:14 Elite Caravel
43:11 Bodkin Arrow
43:29 Forging
43:20 Padded Archer Armor
43:21 Arbalester
44:29 Bow Saw
46:55 Circumnavigation
46:22 Elite Cannon Galleon
48:08 Pikeman
48:08 Man-at-Arms
48:33 Gambesons
48:34 Arson
50:28 Two-Man Saw
49:35 Halberdier
51:57 Leather Archer Armor
51:42 Bracer
52:17 Iron Casting
51:43 Scale Mail Armor
51:49 Scale Barding Armor
cmd 3.0
10:32 Feudal Age
14:18 Castle Age
13:28 Double-Bit Axe
15:55 Bow Saw
16:01 Loom
16:56 Wheelbarrow
22:07 Gold Mining
22:12 Stone Mining
22:19 Town Watch
22:31 Horse Collar
23:40 Fervor
28:17 Sanctity
32:15 Imperial Age
30:01 Hand Cart
30:50 Gold Shaft Mining
32:56 Fletching
33:07 Padded Archer Armor
33:30 Ballistics
32:38 Elite Longbowman
33:39 Conscription
33:11 Pikeman
33:51 Squires
33:39 Halberdier
34:46 Fishing Lines
35:48 Yeomen
35:25 Bodkin Arrow
37:02 Two-Man Saw
36:12 Gillnets
37:14 Bracer
38:12 Leather Archer Armor
37:58 Scale Mail Armor
39:20 Town Patrol
40:35 Ring Archer Armor
40:37 Chain Mail Armor
40:32 Forging
42:31 Hoardings
42:15 Masonry
43:06 Chemistry
42:39 Plate Mail Armor
42:53 Warwolf
44:04 Siege Engineers
44:30 Architecture
44:31 Arson
45:22 Iron Casting
47:09 Blast Furnace
46:42 Coinage
46:13 Caravan
46:27 Elite Skirmisher
47:32 Imperial Skirmisher
49:44 Banking
inventatealgo
6:53 Loom
10:01 Feudal Age
10:34 Double-Bit Axe
11:10 Horse Collar
22:22 Castle Age
20:42 Gold Mining
21:45 Fletching
26:37 Town Watch
27:29 Wheelbarrow
29:14 Bodkin Arrow
36:00 Imperial Age
36:44 Ballistics
37:31 Thumb Ring
36:46 Elite Skirmisher
37:38 Bracer
37:39 Padded Archer Armor
39:02 Hand Cart
39:22 Imperial Skirmisher
44:46 Leather Archer Armor
Connection lost

Rejoining the realm…

Still unreachable

The connection could not be restored.

Session expired

The server has moved on; the page needs a fresh start.